 Dungeon Crawl Stone Soup version 0.30.1-3-gfc49f6343a (webtiles) character file.

Game seed: 4654685268830993167

9 fdsf the Ruffian (level 2, 5/23 HPs)
             Began as a Draconian Transmuter on Aug 9, 2023.
             Quit the game on level 1 of the Dungeon.
             The game lasted 00:02:15 (162 turns).

fdsf the Ruffian (Draconian Transmuter)              Turns: 162, Time: 00:02:16

Health: 5/23       AC:  4    Str: 12    XL:     2   Next: 3%
Magic:  5/5        EV: 12    Int: 13    God:
Gold:   12         SH:  0    Dex: 11    Spells: 4/5 levels left

rFire   . .          .
                       - Unarmed
rCold   . . .        (no shield)
rNeg    . . .        (body armour unavailable)
rPois   .            (helmet restricted)
rElec   .            (no cloak)
rCorr   .            (no gloves)
SInv    .            (no boots)
Will    .....        (no amulet)
Stlth   +            (no ring)
HPRegen 0.23/turn    (no ring)
MPRegen 0.09/turn

%: no passive effects
@: no status effects
A: AC +4, unfitting armour, cold-blooded
a: no special abilities


You were on level 1 of the Dungeon.
You visited 1 branch of the dungeon, and saw 1 of its levels.

You collected 12 gold pieces.

Inventory:

Potions
 a - a potion of lignification


   Skills:
 + Level 1.1 Fighting
 + Level 1.8 Dodging
 + Level 3.4 Unarmed Combat
 + Level 2.1 Spellcasting
 + Level 2.0 Transmutations


You had 4 spell levels left.
You knew the following spells:

 Your Spells              Type           Power      Damage    Failure   Level
a - Beastly Appendage     Tmut           12%        N/A       11%         1

Your spell library contained the following spells:

 Spells                   Type           Power      Damage    Failure   Level
 Wereblood                Tmut           6%         N/A       17%         2
 Spider Form              Tmut/Pois      3%         N/A       45%         3
 Ice Form                 Ice/Tmut       3%         N/A       86%         4


Dungeon Overview and Level Annotations

Branches:
Dungeon (1/15)

Altars:


Innate Abilities, Weirdness & Mutations

Your plain brown scales are hard. (AC +4)
You cannot fit into any form of body armour.
You are cold-blooded and may be slowed by cold attacks.


Message History

You barely miss the goblin.
The goblin is heavily wounded.
The goblin misses you.
You closely miss the goblin. You headbutt the goblin.
You kill the goblin!
Things that are here:
a +0 dagger; a goblin corpse Your horns disappear.
Your talons disappear.
An endoplasm comes into view.
The endoplasm quivers.
You now have 12 gold pieces.
The endoplasm freezes you.
You are frozen.
You feel yourself slow down. The endoplasm closely misses you.
You feel yourself speed up. The endoplasm freezes you.
You are frozen.
The endoplasm freezes you.
You are frozen.
You hit the endoplasm.
The endoplasm is heavily wounded.
The endoplasm freezes you.
You are frozen.
* * * LOW HITPOINT WARNING * * *
You feel yourself slow down.
You hit the endoplasm.
The endoplasm is severely wounded.
The endoplasm freezes you.
You are frozen.
* * * LOW HITPOINT WARNING * * *
You hit the endoplasm.
You kill the endoplasm!
You have reached level 2!
You feel yourself speed up.
Found an escape hatch in the floor.
Sorry, you're not good enough to have a special ability.
A giant cockroach and a ball python come into view.
The ball python hisses angrily.
A goblin comes into view. It is wielding a +0 dagger.
Are you sure you want to abandon this character and quit the game? (Confirm with "yes".)

#........ #....)...
#.......† ##.....)..
##.......†. ##..........
##..........#
g.##########.#...##...#.
BS..>..@......#..##..#..
..########.#...#....#...
#.#....#..#....
#...##..##..##.
##..##..# ..# .
#.....#.. ... #....#....
.. #...#.. #.. ##.#. .#
..


You could see a giant cockroach (wandering), a goblin (wandering) and a ball
python.

Vanquished Creatures
  2 endoplasms (D:1)
  A goblin (D:1)
  2 hobgoblins (D:1)
  A ball python (D:1)
  A kobold (D:1)
  A rat (D:1)
8 creatures vanquished.

Notes
Turn   | Place    | Note
-------+----------+-------------------------------------------
     0 | D:1      | fdsf the Draconian Transmuter began the quest for the Orb.
     0 | D:1      | Reached XP level 1. HP: 16/16 MP: 3/3
   154 | D:1      | Reached XP level 2. HP: 3/23 MP: 5/5
   162 | D:1      | Quit the game

Illustrated notes

Levels and vault maps discovered:
D:1:      matt_arrival_los_fun, layout_rooms, minivault_26, st_stairs_6,
          minmay_misc_feat_secret_circle, minmay_misc_feat_five, hex_tiny

Action                     || total
---------------------------++-------
  Melee: Unarmed           ||    22
         Headbutt          ||     1
         Tailslap          ||     1
   Cast: Beastly Appendage ||     1
 Armour: Skin              ||     6
  Dodge: Dodged            ||    22
